 Dungeon Crawl Stone Soup version 0.30-a0-937-ga0a21ad780 (webtiles) character file.

Game seed: 15515586471463469457

55 Sobieck the Covered (level 3, -2/32 HPs)
             Began as an Armataur Fighter on Mar 24, 2023.
             Slain by a gnoll
             ... wielding a +0 flail
              (9 damage)
             ... on level 2 of the Dungeon.
             The game lasted 00:01:41 (620 turns).

Sobieck the Covered (Armataur Fighter)               Turns: 620, Time: 00:01:42

Health: -2/32      AC:  6    Str: 23    XL:     3   Next: 67%
Magic:  3/3        EV:  7    Int:  8    God:
Gold:   90         SH:  4    Dex:  9    Spells: 2/2 levels left

rFire   . . .      SeeInvis .    a - +0 war axe {axe}
rCold   . . .      Faith    .    c - +0 buckler
rNeg    . . .      Spirit   .    b - +0 scale mail
rPois   .          Reflect  .    (no helmet)
rElec   .          Roll     +    (no cloak)
rCorr   .                        (no gloves)
Will    .....                    (no barding) Stlth
                                 (no amulet)
HPRegen 0.25/turn                (no ring)
MPRegen 0.08/turn                (no ring)

@: no status effects
A: large, rugged brown scales 3, deformed body, armoured tail, roll, long
tongue, awkward tongue
a: no special abilities


You were on level 2 of the Dungeon.
You visited 1 branch of the dungeon, and saw 2 of its levels.

You collected 90 gold pieces.


Innate Abilities, Weirdness & Mutations

You are completely covered in rugged brown scales. (AC +3, +7% HP)
Armour fits poorly on your strangely shaped body.
You have a long armoured tail.
You roll when moving toward enemies. (Rampage)
Your long tongue fully drains potion bottles. (2x potion effects)
Your tongue gives you trouble enunciating. (1.5x scroll delay)


   Skills:
 - Level 2.6 Fighting
 + Level 3.3 Axes
 - Level 3.6 Armour
 - Level 3.2 Shields


You had 2 spell levels left.
You didn't know any spells.
Your spell library was empty.

Inventory:

Hand Weapons
 a - a +0 war axe (weapon) {axe}
Armour
 b - a +0 scale mail (worn)
 c - a +0 buckler (worn)
 i - a +0 leather armour
   (You found it on level 1 of the Dungeon)
Potions
 d - 2 potions of might
 e - a potion of curing {unknown}
 f - 2 potions of heal wounds {unknown}
 g - a potion of lignification {unknown}
 h - a potion of attraction {unknown}

Dungeon Overview and Level Annotations

Branches:
Dungeon (2/15) Zot: 11351

Altars:

## (. ### # #.
.. #.##. .#
#....##.####.#
#.@g.......
#.##.####.#
... .# #### ..
###


You could see a gnoll.


Message History

You see here a giant cockroach corpse.
i - a +0 leather armour You open the door.
There is an open door here.
You open the door.
Found a faded altar of an unknown god.
There is an open door here.
There is an open door here.
There is a faded altar of an unknown god here.
There is an open door here.
You see here a rat skeleton.
A kobold comes into view. It is wielding a +0 dagger.
The kobold shouts!
Danger!
You roll towards the kobold!
You roll towards the kobold!
The kobold hits you but does no damage.
You hit the kobold.
You kill the kobold!
No target in view!
You see here a +0 dagger {short}.
Partly explored, can't reach some places.
Partly explored, can't reach some places.
(D) Dungeon
Where to? (? - help)
There is a stone staircase leading down here.
You climb downwards.
The gnoll shouts!
The frilled lizard hisses angrily.
There is a stone staircase leading up here.
There are monsters nearby!
Danger!
Unknown command.
A gnoll comes into view. It is wielding a +0 halberd.
The gnoll barely misses you.
Unknown command.
There is a stone staircase leading up here.
Unknown command.
The gnoll closely misses you.
A gnoll comes into view. It is wielding a +0 flail.
The gnoll barely misses you. The gnoll hits you with a +0 whip.
You climb upwards.
There is a stone staircase leading down here.
Unknown command.
Unknown command.
You barely miss the gnoll. You tail-slap the gnoll.
The gnoll closely misses you.
You slash the gnoll!
You kill the gnoll!
Your Axes skill increases to level 3!
You have reached level 3!
Your experience leads to an increase in your attributes!
Increase (S)trength, (I)ntelligence, or (D)exterity?
You feel stronger. x2
You start resting.
You climb downwards.
The gnoll closely misses you.
There is a stone staircase leading up here.
Danger!
Unknown command.
Unknown command.
The gnoll hits you with a +0 halberd!
You climb upwards.
There is a stone staircase leading down here.
Unknown command.
Unknown command.
You slash the gnoll! You tail-slap the gnoll.
You kill the gnoll!
No target in view!
No target in view!
You climb downwards.
The gnoll hits you with a +0 flail. x3
You block the gnoll's attack.
There is a stone staircase leading up, spattered with blood here.
Danger!
You slash the gnoll! You hit the gnoll but do no damage.
The gnoll barely misses you. x2
Unknown command.
You hit the gnoll.
You kill the gnoll!
You hit the gnoll. The gnoll hits you with a +0 flail.
Unknown command.
You closely miss the frilled lizard. You hit the gnoll.
The frilled lizard bites you but does no damage.
The gnoll barely misses you. You block the gnoll's attack.
The frilled lizard barely misses you.
You hit the frilled lizard.
You kill the frilled lizard!
You closely miss the gnoll. The gnoll hits you but does no damage.
The gnoll attacks as you move away! The gnoll barely misses you.
Things that are here:
a +0 flail {mace}; a gnoll corpse You closely miss the gnoll.
The gnoll barely misses you.
You hit the gnoll.
Your tail-slap misses the gnoll.
The gnoll hits you with a +0 flail.
* * * LOW HITPOINT WARNING * * *
The gnoll barely misses you.
You barely miss the gnoll.
Your tail-slap misses the gnoll.
The gnoll hits you but does no damage.
You barely miss the gnoll. You block the gnoll's attack.
You hit the gnoll but do no damage.
Your tail-slap misses the gnoll.
The gnoll hits you with a +0 flail!
* * * LOW HITPOINT WARNING * * *
The gnoll hits you with a +0 flail!
You die...

Skill      XL: |  1  2 |
---------------+-------+-----
Axes           | 2 3 |  3.3
Fighting       | |  2.6
Armour         | |  3.6
Shields        | |  3.2

Action                     || total
---------------------------++-------
  Melee: War axe           ||    66
         Tailslap          ||     4
 Armour: Scale mail        ||    44
  Dodge: Dodged            ||    36
  Block: Buckler           ||     9

Levels and vault maps discovered:
D:1:      giann_wishing_wells, layout_basic,
          shapermc_ecumenical_altar_flowoftime
D:2:      layout_loops_cross, serial_bayou, serial_bayou_lagoon_b,
          serial_bayou_pond_d, serial_bayou_ford_a, serial_bayou_pond_a,
          uniq_jessica

Notes
Turn   | Place    | Note
-------+----------+-------------------------------------------
     0 | D:1      | Sobieck the Armataur Fighter began the quest for the Orb.
     0 | D:1      | Reached XP level 1. HP: 19/19 MP: 1/1
    53 | D:1      | Reached skill level 2 in Axes
    91 | D:1      | Reached XP level 2. HP: 15/26 MP: 2/2
   457 | D:1      | Found a faded altar of an unknown god.
   588 | D:1      | Reached skill level 3 in Axes
   588 | D:1      | Reached XP level 3. HP: 28/32 MP: 3/3
   620 | D:2      | HP: 7/32 [gnoll/+0 flail (8)]
   620 | D:2      | Slain by a gnoll

Vanquished Creatures
  3 gnolls
  A dart slug (D:1)
  2 ball pythons (D:1)
  An endoplasm (D:1)
  3 giant cockroaches (D:1)
  2 goblins (D:1)
  A hobgoblin (D:1)
  2 quokkas (D:1)
  2 bats (D:1)
  A frilled lizard (D:2)
  2 kobolds (D:1)
  3 rats (D:1)
23 creatures vanquished.

Table legend:
 A = Non-vault XP
 B = Vault XP
 C = Vault XP percentage of total XP
 D = Non-vault monster count
 E = Vault monster count
 F = Vault count percentage of total count
                 A         B        C        D         E       F
            +---------+---------+-------+---------+---------+-------
      Total |      79 |       0 |   0.0 |      23 |       0 |   0.0
            +---------+---------+-------+---------+---------+-------
        D:1 |      63 |       0 |   0.0 |      21 |       0 |   0.0
        D:2 |      16 |       0 |   0.0 |       2 |       0 |   0.0
            +---------+---------+-------+---------+---------+-------

Illustrated notes

Table legend:
 A = Kills in this place as a percentage of kills in the entire game.
 B = Kills by you in this place as a percentage of kills by you in the entire game.
 C = Kills by friends in this place as a percentage of kills by friends in the entire game.
 D = Other kills in this place as a percentage of other kills in the entire game.
 E = Experience gained in this place as a percentage of experience gained in the entire game.
 F = Experience gained in this place divided by the number of levels of this place that you have seen.
                   A       B       C       D       E      F
               +-------+-------+-------+-------+-------+----------------------
         Total | 100.0 | 100.0 |   N/A |   N/A | 100.0 |  39.5
       Dungeon | 100.0 | 100.0 |   N/A |   N/A | 100.0 |  39.5
               +-------+-------+-------+-------+-------+----------------------

Table legend: (Time is in decaauts)
 A = Elapsed time spent in this place.
 B = Non-inter-level travel time spent in this place.
 C = Inter-level travel time spent in this place.
 D = Time resting spent in this place.
 E = Time spent auto-exploring this place.
 F = Levels seen in this place.
 G = Mean time per level.
                   A        B        C        D        E       F      G
               +--------+--------+--------+--------+--------+-----+--------+
         Total |    647 |    633 |     14 |     16 |    463 |   2 |  323.5 |
       Dungeon |    647 |    633 |     14 |     16 |    463 |   2 |  323.5 |
               +--------+--------+--------+--------+--------+-----+--------+

Top non-repeatable levels by time:
     D:1: 626 daAuts
     D:2: 20 daAuts
